 Dungeon Crawl Stone Soup version 0.30-a0-778-g2ef04afb54 (webtiles) character file.

Game seed: 5130566102391494071

1387 Darius099 the Cleaver (level 8, -6/66 HPs)
             Began as a Minotaur Fighter on Feb 16, 2023.
             Killed from afar by an electric eel (10 damage)
             ... with a bolt of electricity
             ... on level 6 of the Dungeon.
             The game lasted 00:12:09 (5113 turns).

Darius099 the Cleaver (Minotaur Fighter)            Turns: 5113, Time: 00:12:09

Health: -6/66      AC: 14    Str: 22    XL:     8   Next: 40%
Magic:  7/7        EV:  6    Int:  5    God:
Gold:   215        SH:  4    Dex: 11    Spells: 7/7 levels left

rFire   . . .      SeeInvis .    a - +0 war axe
rCold   . . .      Faith    .    c - +0 buckler
rNeg    + . .      Spirit   .    p - +0 plate armour
rPois   .          Reflect  .    (helmet restricted)
rElec   .          Harm     .    (no cloak)
rCorr   .          Rampage  .    g - +0 pair of gloves
Will    .....                    y - +0 pair of boots Stlth
                                 (no amulet)
HPRegen 0.31/turn                u - ring of positive energy
MPRegen 0.10/turn                z - ring of flight

@: flying
A: horns 2, retaliatory headbutt
a: no special abilities


You were on level 6 of the Dungeon.
You visited 2 branches of the dungeon, and saw 7 of its levels.

You collected 215 gold pieces.

Inventory:

Hand Weapons
 a - a +0 war axe (weapon)
Missiles
 l - 44 stones (quivered)
Armour
 c - a +0 buckler (worn)
 g - a +0 pair of gloves (worn)
 p - a +0 plate armour (worn)
 y - a +0 pair of boots (worn)
Jewellery
 u - a ring of positive energy (left hand)
 z - a ring of flight (right hand)
Wands
 m - a wand of digging (4)
Scrolls
 h - 2 scrolls of fog {unknown}
 i - 8 scrolls of identify {unknown}
 j - 2 scrolls of amnesia {unknown}
 n - 2 scrolls of fear {unknown}
 o - 2 scrolls of teleportation {unknown}
 r - 2 scrolls of enchant armour {unknown}
 t - a scroll of immolation {unknown}
 A - a scroll of vulnerability {unknown}
Potions
 b - 2 potions of haste {unknown}
 d - 3 potions of might
 e - 5 potions of curing {unknown}
 f - 2 potions of attraction {unknown}
 k - a potion of ambrosia {unknown}
 q - a potion of mutation {unknown}
 s - a potion of magic {unknown}
 v - a potion of resistance {unknown}
 w - a potion of flight {unknown}
 x - a potion of brilliance {unknown}


   Skills:
 - Level 4.0 Fighting
 + Level 12.2 Axes
 - Level 3.9 Armour
 - Level 4.0 Shields


You had 7 spell levels left.
You didn't know any spells.
Your spell library contained the following spells:

 Spells                   Type           Power      Damage    Failure   Level
 Sandblast                Erth           0%         2d4       100%        1
 Slow                     Hex            0%         N/A       100%        1
 Passwall                 Tmut/Erth      0%         N/A       100%        2
 Confusing Touch          Hex            0%         N/A       100%        3
 Stone Arrow              Conj/Erth      0%         3d7       100%        3
 Vampiric Draining        Necr           0%         2d6       100%        3
 Animate Dead             Necr           0%         N/A       100%        4
 Borgnjor's Vile Clutch   Necr/Erth      0%         N/A       100%        5
 Death Channel            Necr           0%         N/A       100%        6


Dungeon Overview and Level Annotations

Branches:
Dungeon (6/15)             Temple (1/1) D:4

Altars:
Ashenzari
Cheibriados
Dithmenos
Elyvilon
Gozag
Hepliaklqana
Kikubaaqudgha
Makhleb
Nemelex Xobeh
Qazlal
Ru
Sif Muna
Trog
Uskayaw
Vehumet
Wu Jian
Xom
Yredelemnul
Zin


Innate Abilities, Weirdness & Mutations

You have a pair of horns on your head.
You reflexively headbutt those who attack you in melee.


Message History

A - a scroll labelled KUENKU SIPH
Found a robe.
A gnoll and an electric eel come into view.
The gnoll shouts!
You hear a shout!
A gnoll comes into view. It is wielding a +0 spear.
A gnoll comes into view. It is wielding a +0 club.
The gnoll shouts!
The electric eel shoots out a bolt of lightning at you!
The bolt of electricity hits you! The bolt of electricity misses you.
The gnoll hits you with a +0 flail.
You hit the gnoll.
The gnoll is lightly wounded.
The electric eel shoots out a bolt of lightning at you!
The bolt of electricity hits you. The gnoll hits you with a +0 flail.
The gnoll barely misses you.
The electric eel shoots out a bolt of lightning at you!
The bolt of electricity hits you!
The bolt of electricity hits you but does no damage.
You closely miss the gnoll. You slash the gnoll! You completely miss the gnoll.
The gnoll hits you with a +0 flail. The gnoll hits you but does no damage.
The electric eel shoots out a bolt of lightning at you!
The bolt of electricity hits you! x2; The gnoll hits you but does no damage.
You slash the gnoll!
The gnoll is severely wounded.
You barely miss the gnoll. You hit the gnoll.
You kill the gnoll!
The electric eel shoots out a bolt of lightning at you!
The bolt of electricity misses you. The bolt of electricity hits you!
* * * LOW HITPOINT WARNING * * *
The gnoll hits you with a +0 spear.
* * * LOW HITPOINT WARNING * * *
You are too injured to fight recklessly!
You hit the gnoll but do no damage. Your headbutt misses the gnoll.
The gnoll is severely wounded.
You slash the gnoll! The gnoll hits you but does no damage.
The electric eel shoots out a bolt of lightning at you!
The bolt of electricity hits you!
* * * LOW HITPOINT WARNING * * *
The bolt of electricity hits you!
You die...

.~~~....##.##.####.
≈≈≈P~~.~.........[....
≈≈≈≈≈~~≈~~~.~..~..~P~.
P~≈≈≈≈≈≈~~P~~~~~~~~~≈.
.~≈≈≈≈≈≈≈~~~≈≈≈≈≈≈≈≈P~
.~≈~PP~S≈≈~~~P~~≈≈≈≈≈≈
#
.~~~.~.~P~.~~~~~≈~≈P≈≈
......g.).......~~PP..
##.g@...###........ #.
#.###### #..#......
###. #.# #
#######.#.##... ....
.. ........#.#.... #.
##.####........
####.## # #......###.#
###.......# #.#.##.###
....# ##..####
#.#.##.# ###.#
#......# #......# #+##


You could see an electric eel and 2 gnolls.

Vanquished Creatures
  Sigmund (D:3)
  A shadow (D:6)
  Menkaure (D:4)
  A black bear (D:3)
  2 ogres
  4 scorpions
  An orc priest (D:5)
  2 hounds
  3 iguanas
  3 orc wizards (D:5)
  A gnoll (D:6)
  6 adders
  A white imp (D:5)
  2 ufetubi
  2 worms
  6 dart slugs
  14 orcs
  4 bats
  6 endoplasms
  2 giant cockroaches
  5 goblins
  10 hobgoblins
  5 jackals
  9 kobolds
  5 quokkas
  10 ball pythons
  3 frilled lizards (D:1)
  4 rats (D:1)
114 creatures vanquished.

Vanquished Creatures (others)
  4 plants (D:4)
4 creatures vanquished.

Grand Total: 118 creatures vanquished

Notes
Turn   | Place    | Note
-------+----------+-------------------------------------------
     0 | D:1      | Darius099 the Minotaur Fighter began the quest for the Orb.
     0 | D:1      | Reached XP level 1. HP: 19/19 MP: 0/0
   134 | D:1      | Reached XP level 2. HP: 27/27 MP: 1/1
   415 | D:1      | Reached skill level 3 in Axes
   429 | D:1      | Reached XP level 3. HP: 33/33 MP: 2/2
   722 | D:1      | Found a faded altar of an unknown god.
  1132 | D:2      | Reached skill level 4 in Axes
  1283 | D:2      | Reached XP level 4. HP: 40/40 MP: 3/3
  1695 | D:3      | Noticed Sigmund
  1708 | D:3      | Killed Sigmund
  1709 | D:3      | Reached skill level 7 in Axes
  1709 | D:3      | Reached XP level 5. HP: 20/46 MP: 4/4
  1949 | D:3      | Identified the +4 falchion "Kiepuj" {freeze, Str+4}
  2050 | D:3      | Reached XP level 6. HP: 52/52 MP: 5/5
  2386 | D:4      | Noticed Menkaure
  2395 | D:3      | Reached skill level 8 in Axes
  2579 | D:4      | Killed Menkaure
  2580 | D:4      | Reached skill level 9 in Axes
  2580 | D:4      | Reached XP level 7. HP: 9/59 MP: 6/6
  2777 | D:4      | Found a staircase to the Ecumenical Temple.
  2828 | D:4      | Reached skill level 10 in Axes
  2958 | Temple   | Entered the Ecumenical Temple
  3550 | D:5      | Entered Level 5 of the Dungeon
  3936 | D:5      | Reached skill level 11 in Axes
  3936 | D:5      | Reached XP level 8. HP: 66/66 MP: 7/7
  4352 | D:5      | Found a sparkling altar of Nemelex Xobeh.
  4979 | D:6      | Reached skill level 12 in Axes
  5113 | D:6      | Killed from afar by an electric eel

Illustrated notes

Levels and vault maps discovered:
D:1:      ncdulo_halloftheorcs, layout_basic,
          dilly_ecumenical_altar_fadedgnrine, reono_crystal_passage
D:2:      layout_loops_ring
D:3:      layout_basic, uniq_sigmund
D:4:      layout_cave_pools, minmay_temple_entry_overgrown, uniq_menkaure
D:5:      layout_gridville, nicolae_overflow_hidden_temple, minivault_11,
          ebering_dispersal_statue_hall, kennysheep_generic_room_3
D:6:      layout_loops_corners, fedhas_altar_3, chequers_big_river
Temple:   eino_narrow_crystal_temple

Skill      XL: |  1  2  3  4  5  6  7  8 |
---------------+-------------------------+-----
Fighting       | 4 |  4.0
Shields        | 4 |  4.0
Axes           | 3 4 7 9 11 12 | 12.2
Armour         | |  3.9

Action                     |  1- 3 |  4- 6 |  7- 9 || total
---------------------------+-------+-------+-------++-------
  Melee: War axe           |    74 |    84 |   136 ||   294
         Headbutt          |     9 |    11 |    18 ||    38
 Armour: Scale mail        |    29 |       |       ||    29
         Plate armour      |       |    57 |    84 ||   141
  Dodge: Dodged            |    36 |    30 |    23 ||    89
  Block: Buckler           |    16 |    16 |    12 ||    44

Table legend: (Time is in decaauts)
 A = Elapsed time spent in this place.
 B = Non-inter-level travel time spent in this place.
 C = Inter-level travel time spent in this place.
 D = Time resting spent in this place.
 E = Time spent auto-exploring this place.
 F = Levels seen in this place.
 G = Mean time per level.
                   A        B        C        D        E       F      G
               +--------+--------+--------+--------+--------+-----+--------+
         Total |   5162 |   4934 |    228 |    702 |   2946 |   7 |  737.4 |
       Dungeon |   4953 |   4738 |    215 |    702 |   2762 |   6 |  825.5 |
        Temple |    208 |    195 |     13 |      0 |    184 |   1 |  208.0 |
               +--------+--------+--------+--------+--------+-----+--------+

Top non-repeatable levels by time:
     D:5: 1191 daAuts
     D:3: 1148 daAuts
     D:2: 821 daAuts
     D:1: 787 daAuts
     D:4: 635 daAuts
     D:6: 370 daAuts
  Temple: 208 daAuts
